APL (24 & UNDER)
BEAVERTON BRONZE SOULS @ EL PASO TEXANS
04/26/2028
 
TOP OF THE 1ST
Beaverton Bronze Souls batting - Pitching for El Paso Texans : RHP Carlos Sánchez
Pitching: RHP Carlos Sánchez
Batting: RHB Ed Fuhrman 0-0: Ball
1-0: Swinging Strike
1-1: Foul Ball, location: 2F
1-2: Strikes out swinging
Batting: LHB Luis Aragón 0-0: Foul Ball, location: 2F
0-1: Ball
1-1: Swinging Strike
1-2: Ball
2-2: Ball
3-2: Base on Balls
Batting: SHB Felipe Castro 0-0: Swinging Strike
0-1: Ball
1-1: Called Strike
1-2: Strikes out swinging
Batting: RHB Rusty Anderson 0-0: Ball
1-0: Ball
2-0: SINGLE (Line Drive, 6)
Luis Aragón to second
Batting: RHB David Kerr 0-0: Ball
1-0: Swinging Strike
1-1: Ball
2-1: Foul Ball, location: 2F
2-2: Foul Ball, location: 2F
2-2: Ground out 4-3 (Groundball, 4M)
Top of the 1st over - 0 run(s), 1 hit(s), 0 error(s), 2 left on base; Beaverton 0 - El Paso 0
BOTTOM OF THE 1ST
El Paso Texans batting - Pitching for Beaverton Bronze Souls : LHP Jeff Brennan
Pitching: LHP Jeff Brennan
Batting: RHB Jody Díaz 0-0: Ball
1-0: Called Strike
1-1: Ball
2-1: Foul Ball, location: 2F
2-2: Ground out 5-3 (Groundball, 5L)
Batting: LHB William Foley 0-0: Ball
1-0: SINGLE (Flyball, 8LS)
Batting: RHB Marvin Johnson 0-0: Ball
1-0: Called Strike
1-1: Ball
2-1: Fly out, F5 (Line Drive, 5)
Batting: RHB Andrew O'Dell 0-0: Foul Ball, location: 2F
0-1: Ball
1-1: Foul Ball, location: 2F
1-2: Foul Ball, location: 2F
1-2: DOUBLE (Line Drive, 78M)
William Foley to third
Runner from 3rd tries for Home, SAFE, no throw
Batting: LHB Roberto Félix 0-0: Ball
1-0: Foul Ball, location: 2F
1-1: Called Strike
1-2: Foul Ball, location: 2F
1-2: SINGLE (Groundball, 56D)
Andrew O'Dell to third
Runner from 3rd tries for Home, SAFE, no throw
Batting: RHB Javier Álvarez 0-0: Ball
1-0: Foul Ball, location: 2F
1-1: DOUBLE (Flyball, 8LXD)
Roberto Félix to third
Runner from 3rd tries for Home, SAFE, no throw
Batting: LHB Cipriano Rangel 0-0: Called Strike
0-1: Foul Ball, location: 2F
0-2: Foul Ball, location: 2F
0-2: Ball
1-2: Reached on error, E3 (Groundball, 34S)
Javier Álvarez to third
Batting: SHB Oliver Riley 0-0: Ball
1-0: Foul Ball, location: 2F
1-1: Foul Ball, location: 2F
1-2: DOUBLE (Line Drive, 7LM)
Javier Álvarez scores
Cipriano Rangel to third
Batting: LHB Michael Melton 0-0: Fly out, F8 (Flyball, 8LM)
Bottom of the 1st over - 4 run(s), 5 hit(s), 1 error(s), 2 left on base; Beaverton 0 - El Paso 4
TOP OF THE 2ND
Beaverton Bronze Souls batting - Pitching for El Paso Texans : RHP Carlos Sánchez
Batting: RHB Rubén Ramírez 0-0: Called Strike
0-1: Foul Ball, location: 2F
0-2: Ball
1-2: Fly out, F8 (Flyball, 8RS)
Batting: SHB Alberto Sandoval 0-0: Called Strike
0-1: Ball
1-1: SINGLE (Groundball, 4D)
Batting: SHB Caleb Hart 0-0: Foul Ball, location: 2F
0-1: Swinging Strike
0-2: Ball
1-2: Foul Ball, location: 2F
1-2: Ball
2-2: Grounds into double play, 3-6-1 (Groundball, 3)
Top of the 2nd over - 0 run(s), 1 hit(s), 0 error(s), 0 left on base; Beaverton 0 - El Paso 4
BOTTOM OF THE 2ND
El Paso Texans batting - Pitching for Beaverton Bronze Souls : LHP Jeff Brennan
Batting: RHB Jody Díaz 0-0: Ball
1-0: Ball
2-0: Foul Ball, location: 2F
2-1: Swinging Strike
2-2: Ground out 4-3 (Groundball, 4)
Batting: LHB William Foley 0-0: Foul Ball, location: 2F
0-1: Ball
1-1: Ball
2-1: SINGLE (Groundball, 5D)
Batting: RHB Marvin Johnson 0-0: Called Strike
0-1: Ball
1-1: Ball
2-1: Ball
3-1: Foul Ball, location: 2F
3-2: Foul Ball, location: 2F
3-2: SINGLE (Groundball, 6MD)
William Foley to second
Runner from 2nd tries for 3rd, SAFE, no throw
Batting: RHB Andrew O'Dell 0-0: Called Strike
0-1: Foul Ball, location: 2F
0-2: Ball
1-2: Reached on error, E5 (Groundball, 56)
William Foley scores
Marvin Johnson to second
Batting: LHB Roberto Félix 0-0: Called Strike
0-1: Ball
1-1: Swinging Strike
1-2: Ball
2-2: Fielders Choice at 2nd, 3-6 (Groundball, 3)
Marvin Johnson to third
Batting: RHB Javier Álvarez 0-0: Ball
1-0: Called Strike
1-1: Foul Ball, location: 2F
1-2: Strikes out swinging
Bottom of the 2nd over - 1 run(s), 2 hit(s), 1 error(s), 2 left on base; Beaverton 0 - El Paso 5
TOP OF THE 3RD
Beaverton Bronze Souls batting - Pitching for El Paso Texans : RHP Carlos Sánchez
Batting: LHB Alonso Contreras 0-0: Ball
1-0: Ball
2-0: Ball
3-0: Called Strike
3-1: Foul Ball, location: 2F
3-2: Ground out 4-3 (Groundball, 4)
Batting: RHB Ed Fuhrman 0-0: Ball
1-0: Fly out, F7 (Flyball, 7D)
Batting: LHB Luis Aragón 0-0: Fly out, F3 (Popup, 3D)
Top of the 3rd over - 0 run(s), 0 hit(s), 0 error(s), 0 left on base; Beaverton 0 - El Paso 5
BOTTOM OF THE 3RD
El Paso Texans batting - Pitching for Beaverton Bronze Souls : LHP Jeff Brennan
Batting: LHB Cipriano Rangel 0-0: Called Strike
0-1: Fly out, F9 (Flyball, 9S)
Batting: SHB Oliver Riley 0-0: Foul Ball, location: 2F
0-1: Foul Ball, location: 2F
0-2: Fly out, F8 (Flyball, 89D)
Batting: LHB Michael Melton 0-0: Called Strike
0-1: Ball
1-1: Ball
2-1: Ball
3-1: Base on Balls
Pitching: RHP Víctor Hernández
Batting: RHB Jody Díaz 0-0: Ball
1-0: Swinging Strike
1-1: Foul Ball, location: 2F
1-2: Ball
2-2: Strikes out looking
Bottom of the 3rd over - 0 run(s), 0 hit(s), 0 error(s), 1 left on base; Beaverton 0 - El Paso 5
TOP OF THE 4TH
Beaverton Bronze Souls batting - Pitching for El Paso Texans : RHP Carlos Sánchez
Batting: SHB Felipe Castro 0-0: Called Strike
0-1: Swinging Strike
0-2: Foul Ball, location: 2F
0-2: Ball
1-2: Foul Ball, location: 2F
1-2: Fly out, F9 (Flyball, 9)
Batting: RHB Rusty Anderson 0-0: Ball
1-0: Ball
2-0: Foul Ball, location: 2F
2-1: Swinging Strike
2-2: Strikes out looking
Batting: RHB David Kerr 0-0: Ball
1-0: Called Strike
1-1: Ground out 6-3 (Groundball, 6)
Top of the 4th over - 0 run(s), 0 hit(s), 0 error(s), 0 left on base; Beaverton 0 - El Paso 5
BOTTOM OF THE 4TH
El Paso Texans batting - Pitching for Beaverton Bronze Souls : RHP Víctor Hernández
Batting: LHB William Foley 0-0: Ball
1-0: Ball
2-0: SINGLE (Groundball, 34D)
Batting: RHB Marvin Johnson Pickoff Throw to First - Error! E1
William Foley to second
0-0: Ball
1-0: Foul Ball, location: 2F
1-1: Ground out 6-3 (Groundball, 6)
William Foley to third
Batting: RHB Andrew O'Dell 0-0: Ground out 5-3 (Groundball, 56)
William Foley scores
Batting: LHB Roberto Félix 0-0: Ball
1-0: Fly out, F6 (Line Drive, 6)
Bottom of the 4th over - 1 run(s), 1 hit(s), 1 error(s), 0 left on base; Beaverton 0 - El Paso 6
TOP OF THE 5TH
Beaverton Bronze Souls batting - Pitching for El Paso Texans : RHP Carlos Sánchez
Batting: RHB Rubén Ramírez 0-0: Ball
1-0: SINGLE (Line Drive, 5D)
Batting: SHB Alberto Sandoval 0-0: Ball
1-0: Ball
2-0: Called Strike
2-1: DOUBLE (Line Drive, 9D)
Rubén Ramírez to third
Batting: SHB Caleb Hart 0-0: Fly out, F7 (Flyball, 7S)
Runner from 3rd tags up, SCORES, throw made
Batting: LHB Alonso Contreras 0-0: Called Strike
0-1: Ball
1-1: Ball
2-1: TRIPLE (Flyball, 8RD)
Alberto Sandoval scores
Batting: RHB Ed Fuhrman 0-0: Called Strike
0-1: Ball
1-1: Swinging Strike
1-2: Strikes out looking
Batting: LHB Luis Aragón 0-0: SINGLE (Groundball, 34S) (infield hit)
Alonso Contreras scores
Batting: SHB Felipe Castro 0-0: Fielders Choice at 2nd, 4-6 (Groundball, 34)
Top of the 5th over - 3 run(s), 4 hit(s), 0 error(s), 0 left on base; Beaverton 3 - El Paso 6
BOTTOM OF THE 5TH
El Paso Texans batting - Pitching for Beaverton Bronze Souls : RHP Víctor Hernández
Batting: RHB Javier Álvarez 0-0: Ball
1-0: Ball
2-0: Ball
3-0: Called Strike
3-1: SINGLE (Flyball, 8RS)
Batting: LHB Cipriano Rangel 0-0: Ball
1-0: Ball
2-0: Ball
3-0: Called Strike
3-1: Base on Balls
Javier Álvarez to second
Batting: SHB Oliver Riley 0-0: Ball
1-0: Fielders Choice at 2nd, 3-6 (Groundball, 3)
Javier Álvarez to third
Batting: LHB Michael Melton 0-0: Ball
1-0: Swinging Strike
1-1: DOUBLE (Flyball, 7LM)
Javier Álvarez scores
Oliver Riley to third
Batting: RHB Jody Díaz 0-0: Called Strike
0-1: Foul Ball, location: 2F
0-2: Reached on error, E8 (Flyball, 8LM)
Oliver Riley scores
Michael Melton to third
Pitching: RHP Joe Bailey
Batting: LHB William Foley 0-0: Called Strike
0-1: Ball
1-1: Foul Ball, location: 2F
1-2: Foul Ball, location: 2F
1-2: Ball
2-2: Strikes out swinging
Batting: RHB Marvin Johnson 0-0: Foul Ball, location: 2F
0-1: Swinging Strike
0-2: Strikes out swinging
Bottom of the 5th over - 2 run(s), 2 hit(s), 1 error(s), 2 left on base; Beaverton 3 - El Paso 8
TOP OF THE 6TH
Beaverton Bronze Souls batting - Pitching for El Paso Texans : RHP Carlos Sánchez
Batting: RHB Rusty Anderson 0-0: Called Strike
0-1: Foul Ball, location: 2F
0-2: Foul Ball, location: 2F
0-2: Foul Ball, location: 2F
0-2: Ball
1-2: Strikes out swinging
Batting: RHB David Kerr 0-0: Ball
1-0: Ball
2-0: Called Strike
2-1: Foul Ball, location: 2F
2-2: Ball
3-2: Strikes out looking
Batting: RHB Rubén Ramírez 0-0: Ball
1-0: SINGLE (Flyball, 8RS)
Pitching: RHP Mike Marks
Batting: SHB Alberto Sandoval 0-0: Fielders Choice at 2nd, 6-4 (Groundball, 56)
Top of the 6th over - 0 run(s), 1 hit(s), 0 error(s), 0 left on base; Beaverton 3 - El Paso 8
BOTTOM OF THE 6TH
El Paso Texans batting - Pitching for Beaverton Bronze Souls : RHP Joe Bailey
Batting: RHB Andrew O'Dell 0-0: Swinging Strike
0-1: Ball
1-1: Ball
2-1: Ball
3-1: Called Strike
3-2: Base on Balls
Batting: LHB Roberto Félix 0-0: Ball
1-0: Foul Ball, location: 2F
1-1: Foul Ball, location: 2F
1-2: Foul Ball, location: 2F
1-2: Strikes out swinging
Batting: RHB Javier Álvarez 0-0: Foul Ball, location: 2F
0-1: Ball
1-1: Grounds into double play, 4-6-3 (Groundball, 4)
Bottom of the 6th over - 0 run(s), 0 hit(s), 0 error(s), 0 left on base; Beaverton 3 - El Paso 8
TOP OF THE 7TH
Beaverton Bronze Souls batting - Pitching for El Paso Texans : RHP Mike Marks
Batting: SHB Caleb Hart 0-0: Ball
1-0: Swinging Strike
1-1: Ball
2-1: Foul Ball, location: 2F
2-2: Strikes out swinging
Batting: LHB Alonso Contreras 0-0: Ball
1-0: Foul Ball, location: 2F
1-1: Ball
2-1: Swinging Strike
2-2: Strikes out swinging
Batting: RHB Ed Fuhrman 0-0: Ball
1-0: Foul Ball, location: 2F
1-1: Ball
2-1: SOLO HOME RUN (Flyball, 78XD), Distance : 435 ft
Batting: LHB Luis Aragón 0-0: Called Strike
0-1: Ball
1-1: Called Strike
1-2: Ball
2-2: Strikes out swinging
Top of the 7th over - 1 run(s), 1 hit(s), 0 error(s), 0 left on base; Beaverton 4 - El Paso 8
BOTTOM OF THE 7TH
El Paso Texans batting - Pitching for Beaverton Bronze Souls : RHP Joe Bailey
Batting: LHB Cipriano Rangel 0-0: Ball
1-0: Foul Ball, location: 2F
1-1: Ball
2-1: Ball
3-1: Base on Balls
Batting: SHB Oliver Riley 0-0: Swinging Strike
0-1: Fly out, F7 (Flyball, 7)
Batting: LHB Michael Melton 0-0: Grounds into double play, 5-4-3 (Groundball, 56)
Bottom of the 7th over - 0 run(s), 0 hit(s), 0 error(s), 0 left on base; Beaverton 4 - El Paso 8
TOP OF THE 8TH
Beaverton Bronze Souls batting - Pitching for El Paso Texans : RHP Mike Marks
Batting: SHB Felipe Castro 0-0: Swinging Strike
0-1: Ball
1-1: Swinging Strike
1-2: Strikes out swinging
Batting: RHB Rusty Anderson 0-0: Ball
1-0: Swinging Strike
1-1: Swinging Strike
1-2: Ball
2-2: SINGLE (Line Drive, 6MD)
Batting: RHB David Kerr 0-0: Called Strike
0-1: Swinging Strike
0-2: Foul Ball, location: 2F
0-2: Ball
1-2: Ball
2-2: Grounds into double play, 6-4-3 (Groundball, 6)
Top of the 8th over - 0 run(s), 1 hit(s), 0 error(s), 0 left on base; Beaverton 4 - El Paso 8
BOTTOM OF THE 8TH
El Paso Texans batting - Pitching for Beaverton Bronze Souls : RHP Joe Bailey
Batting: RHB Jody Díaz 0-0: Swinging Strike
0-1: Ball
1-1: Ball
2-1: Fly out, F7 (Flyball, 78XD)
Batting: LHB William Foley 0-0: Called Strike
0-1: SINGLE (Groundball, 56D)
Batting: RHB Marvin Johnson 0-0: Ball
William Foley steals 2nd base
1-0: Foul Ball, location: 2F
1-1: Swinging Strike
1-2: Ball
2-2: Foul Ball, location: 2F
2-2: Foul Ball, location: 2F
2-2: DOUBLE (Line Drive, 78D)
William Foley scores
Batting: RHB Andrew O'Dell 0-0: Called Strike
0-1: Foul Ball, location: 2F
0-2: Ground out 4-3 (Groundball, 4S)
Marvin Johnson to third
Batting: LHB Roberto Félix 0-0: Ball
1-0: Foul Ball, location: 2F
1-1: Ball
2-1: Swinging Strike
2-2: Ball
3-2: Foul Ball, location: 2F
3-2: Foul Ball, location: 2F
3-2: Strikes out swinging
Bottom of the 8th over - 1 run(s), 2 hit(s), 0 error(s), 1 left on base; Beaverton 4 - El Paso 9
TOP OF THE 9TH
Beaverton Bronze Souls batting - Pitching for El Paso Texans : RHP Mike Marks
Batting: RHB Rubén Ramírez 0-0: Swinging Strike
0-1: Fly out, F4 (Popup, 4)
Batting: SHB Alberto Sandoval 0-0: Called Strike
0-1: Hit by Pitch
Batting: SHB Caleb Hart 0-0: Ball
1-0: Ball
2-0: Ball
3-0: Base on Balls
Alberto Sandoval to second
Pitching: RHP Ralph Miller
Batting: LHB Alonso Contreras 0-0: Ball
1-0: Fielders Choice at 2nd, 3-6 (Groundball, 34)
Alberto Sandoval to third
Batting: RHB Ed Fuhrman 0-0: Ball
1-0: Ball
2-0: Ball
3-0: Base on Balls
Alonso Contreras to second
Pitching: LHP Don MacKinlay
Batting: LHB Luis Aragón 0-0: Ball
1-0: SINGLE (Groundball, 34D)
Alberto Sandoval scores
Alonso Contreras to third
Ed Fuhrman to second
Runner from 3rd tries for Home, SAFE, no throw
Batting: SHB Felipe Castro 0-0: Fly out, F9 (Flyball, 9LS)
Top of the 9th over - 2 run(s), 1 hit(s), 0 error(s), 2 left on base; Beaverton 6 - El Paso 9
Tuesday, August 8th, 2017 - OOTP Baseball 17.12 Build 75